 Dungeon Crawl Stone Soup version 0.25-a0-356-g7c9d860b3b (webtiles) character file.

Game seed: 2862617717573732291, levelgen mode: deterministic

7095 mopl the Spear-Bearer (level 10, -20/90 HPs)
             Began as a Purple Draconian Fighter on Jan 4, 2020.
             Was an Elder of Kikubaaqudgha.
             Demolished by Harold
             ... wielding a +0 trident
              (23 damage)
             ... on level 8 of the Dungeon.
             The game lasted 00:29:31 (11040 turns).

mopl the Spear-Bearer (Purple Draconian Fighter)   Turns: 11040, Time: 00:29:34

Health: -20/90     AC:  9    Str: 17    XL:     10   Next: 84%
Magic:  7/13       EV: 17    Int: 10    God:    Kikubaaqudgha [****..]
Gold:   388        SH: 11    Dex: 16    Spells: 5/13 levels left

rFire    + . .     SeeInvis .   a - +0 trident
rCold    + . .     Gourm    .   b - +0 shield
rNeg     . . .     Faith    .   (armour unavailable)
rPois    .         Spirit   .   (helmet restricted)
rElec    .         Reflect  .   s - scarf {rC+ rF+}
rCorr    .         Harm     .   (no gloves)
MR       +....                  t - +1 pair of boots
Stlth    ++........             D - amulet of magic regeneration
HPRegen  0.25/turn              p - -3 ring of strength (curse)
MPRegen  0.38/turn              (no ring)

@: agile, very slightly contaminated
A: breathe power, unfitting armour, cold-blooded, AC +7
a: Breathe Dispelling Energy, Receive Corpses, Renounce Religion


You were on level 8 of the Dungeon.
You worshipped Kikubaaqudgha.
Kikubaaqudgha was greatly pleased with you.
You were very hungry.

You visited 1 branch of the dungeon, and saw 10 of its levels.

You collected 388 gold pieces.

Inventory:

Hand Weapons
 a - a +0 trident (weapon)
 y - a +2 scythe of flaming
 E - the cursed +0 short sword "Noub" {pierce, rElec rN+++ Str+4 Dex-4}
   (You took it off a big kobold on level 8 of the Dungeon)

   It inflicts extra damage upon your enemies.
   It affects your strength (+4).
   It affects your dexterity (-4).
   It insulates you from electricity.
   It renders you almost immune to negative energy.
   It has a curse placed upon it.
Missiles
 q - 29 poisoned darts (quivered)
 v - 3 throwing nets
 w - 2 boomerangs
Armour
 b - a +0 shield (worn)
 s - a scarf of resistance (worn)
 t - a +1 pair of boots (worn)
Jewellery
 n - an uncursed amulet of the gourmand
 p - a cursed -3 ring of strength (left hand)
 D - an amulet of magic regeneration (around neck)
Wands
 B - a wand of polymorph (6)
 H - a wand of disintegration (11)
Scrolls
 e - 3 scrolls of enchant weapon {unknown}
 g - a scroll of fog
 h - a scroll of magic mapping {unknown}
 i - 4 scrolls of teleportation
 j - a scroll of blinking {unknown}
 k - a scroll of fear
 u - a scroll of enchant armour
 x - 4 scrolls of identify
 A - a scroll of amnesia
 I - a scroll of remove curse {unknown}
Potions
 f - 2 potions of ambrosia
 l - a potion of agility
 m - 3 potions of curing
 o - a potion of resistance
 r - a potion of flight
 z - a potion of magic
 F - a potion of brilliance
 G - a potion of cancellation
Comestibles
 d - 16 rations


   Skills:
 + Level 8.9 Fighting
 * Level 10.8 Polearms
 - Level 2.6 Dodging
 + Level 8.1 Shields
 - Level 2.0 Spellcasting
 + Level 6.8 Necromancy


You had 5 spell levels left.
You knew the following spells:

 Your Spells              Type           Power        Failure   Level  Hunger
b - Vampiric Draining     Necr           ##........   14%         3    ####...
x - Animate Skeleton      Necr           N/A          4%          1    ##.....
X - Animate Dead          Necr           N/A          41%         4    #####..

Your spell library contained the following spells:

 Spells                   Type           Power        Failure   Level  Hunger
 Pain                     Necr           ##..         4%          1    ##.....
 Sublimation of Blood     Necr           ##........   7%          2    ###....
 Beastly Appendage        Tmut           #.....       58%         1    ##.....
 Confusing Touch          Hex            #.....       58%         1    ##.....
 Freeze                   Ice            #...         58%         1    ##.....
 Sticks to Snakes         Tmut           #.......     75%         2    ###....
 Dispel Undead            Necr           ##......     77%         5    ######.
 Confuse                  Hex            #.......     92%         3    ####...
 Gell's Gravitas          Tloc           #.........   92%         3    ####...
 Ozocubu's Armour         Chrm/Ice       #.......     92%         3    ####...
 Spider Form              Tmut/Pois      #.........   92%         3    ####...
 Excruciating Wounds      Chrm/Necr      #.........   99%         5    ######.
 Hailstorm                Conj/Ice       #.......     100%        4    #####..
 Ice Form                 Ice/Tmut       #.......     100%        4    #####..
 Petrify                  Tmut/Erth      #.......     100%        4    #####..
 Summon Ice Beast         Ice/Summ       #.......     100%        4    #####..
 Blade Hands              Tmut           #.........   100%        5    ######.
 Metabolic Englaciation   Hex/Ice        #.........   100%        5    ######.
 Yara's Violent Unravell  Hex/Tmut       #.........   100%        5    ######.
 Death Channel            Necr           ##........   100%        6    #######
 Simulacrum               Ice/Necr       #.........   100%        6    #######


Dungeon Overview and Level Annotations

Branches:
Dungeon (10/15)            Temple (0/1) D:5
   Lair: D:8-11         Orc: D:9-12

Altars:
Cheibriados
Fedhas
Kikubaaqudgha
Makhleb
Okawaru
Qazlal
Trog
Yredelemnul
The Shining One

Shops:
D:4 (   D:8 =

Annotations:
D:5 Prince Ribbit
D:7 bb
D:8 Harold


Innate Abilities, Weirdness & Mutations

You can breathe bolts of dispelling energy.
Your rich purple scales are hard. (AC +7)
You cannot fit into any form of body armour.
You are cold-blooded and may be slowed by cold attacks.


Message History

You feel much better. The iguana bites you.
* * * LOW HITPOINT WARNING * * *
Okay, then.
Harold hits you from afar with a +0 trident.
* * * LOW HITPOINT WARNING * * *
Harold hits you from afar with a +0 trident!
* * * LOW HITPOINT WARNING * * *
You feel agile all of a sudden.
You feel better.
Something bites the plant but does no damage.
Kikubaaqudgha delivers you corpses!
You are feeling very hungry.
Something bites the plant but does no damage.
Casting: Vampiric Draining (safe; 14% risk of failure)
Confirm with . or Enter, or press ? or * to list all spells.
You miscast Animate Dead.
Pain shoots through your body!
* * * LOW HITPOINT WARNING * * *
Something bites the plant.
Harold hits you with a +0 trident!!
You die...
Kikubaaqudgha rasps: "You have failed me!
Welcome... death!"

.............................#.#.
.................(......(###.#.#.
.........................###.#.#.
##........###................#...
####.#######.############.######
#.....♣..♣♣P.♣##♣.♣####..# ♣...
♣♣.♣♣.P♣§♣.♣.PP♣♣♣....P.♣♣♣♣YP.
♣)♣.♣♣♣♣§♣♣♣♣....♣P♣..PP♣.♣..♣
♣♣♣♣.♣♣♣§.♣.♣@♣♣.♣♣♣.♣♣♣♣.YY♣♣ ♣
♣.♣.♣.§♣.†♣@.P.♣..PP♣♣P..♣.
♣P♣.P.♣.P♣♣♣.P♣..P..♣.♣....♣P
♣P♣.♣...♣P.@8...♣(♣......♣♣.
♣♣..♣..P..l...#...#...♣..♣..
♣.P♣.P♣(.(......[.......♣..P
♣♣.♣PPP.♣...#..._...#..P♣.P.
.♣♣♣P.♣..P............♣..♣♣ ♣.
♣P♣......P.#...#§§......♣


You could see Harold.

Vanquished Creatures
  Pikel (D:8)
  Joseph (D:7)
  2 trolls (D:8)
  Grinder (D:4)
  A hippogriff (D:7)
  Sigmund (D:4)
  A hog (D:6)
  3 yaks
  A basilisk (D:8)
  A steam dragon (D:8)
  A water moccasin (D:6)
  3 porcupines (D:8)
  2 black bears
  2 orc warriors
  4 ice beasts
  A slave (D:7)
  3 phantoms
  A necrophage (D:7)
  6 ogres
  2 centaurs
  4 crocodiles (D:8)
  4 big kobolds
  3 bullfrogs
  A wyvern zombie (D:6)
  3 scorpions
  4 wights (D:6)
  2 howler monkeys
  A crimson imp (D:8)
  A centaur zombie (D:6)
  A bullfrog zombie (D:6)
  An iron imp (D:5)
  4 hounds
  3 orc priests
  2 orc wizards (D:7)
  A centaur skeleton (D:7)
  2 iguanas
  6 worker ants
  A hound skeleton (D:7)
  2 worker ant zombies
  10 adders
  A howler monkey skeleton (D:5)
  An adder skeleton (D:5)
  An adder zombie (D:6)
  7 worms
  3 dart slugs
  A leopard gecko (D:5)
  24 orcs
  A ball python (D:1)
  7 giant cockroaches
  13 goblins
  10 hobgoblins
  13 jackals
  18 kobolds
  A quokka (D:6)
  A ball python skeleton (D:5)
  9 bats
  2 frilled lizards
  2 leopard gecko skeletons
  A quokka skeleton (D:5)
  9 rats
  A withered plant (D:5)
220 creatures vanquished.

Vanquished Creatures (collateral kills)
  An ugly thing (D:7)
  A porcupine (D:8)
  3 kobolds
5 creatures vanquished.

Vanquished Creatures (others)
  3 slaves (D:8)
  An iguana (D:8)
  A leopard gecko (D:8)
  5 kobolds (D:8)
  A quokka (D:8)
  A bush (D:8)
  4 fungi (D:8)
  33 plants (D:8)
49 creatures vanquished.

Grand Total: 274 creatures vanquished

Notes
Turn   | Place    | Note
-------+----------+-------------------------------------------
     0 | D:1      | mopl the Draconian Fighter began the quest for the Orb.
     0 | D:1      | Reached XP level 1. HP: 19/19 MP: 1/1
   223 | D:1      | Reached XP level 2. HP: 22/26 MP: 2/2
   941 | D:1      | Reached XP level 3. HP: 33/33 MP: 3/3
  1148 | D:2      | Reached skill level 3 in Polearms
  1247 | D:2      | You fall into a shaft and drop 2 floors!
  1247 | D:4      | Noticed an ogre
  1251 | D:4      | Found Gaur's Weapon Emporium.
  1257 | D:4      | Reached XP level 4. HP: 32/40 MP: 4/4
  1260 | D:4      | Reached skill level 4 in Fighting
  1262 | D:4      | Killed an ogre
  1262 | D:4      | Reached skill level 4 in Polearms
  1262 | D:4      | Reached XP level 5. HP: 3/47 MP: 5/5
  1573 | D:4      | Noticed Sigmund
  1586 | D:5      | Entered Level 5 of the Dungeon
  1644 | D:5      | Noticed an ogre
  1651 | D:5      | Killed an ogre
  1651 | D:5      | Reached skill level 4 in Shields
  1775 | D:5      | Found an ancient bone altar of Kikubaaqudgha.
  1782 | D:5      | Became a worshipper of Kikubaaqudgha
  1853 | D:4      | Reached XP level 6. HP: 53/53 MP: 6/6
  1928 | D:3      | Found an iron altar of Okawaru.
  2085 | D:4      | Noticed a fire elemental
  2090 | D:4      | Found a stormy altar of Qazlal.
  2090 | D:4      | Noticed Grinder
  2093 | D:4      | Noticed a water elemental
  2093 | D:4      | Noticed an air elemental
  2099 | D:4      | Found a blossoming altar of Fedhas.
  2219 | D:3      | Reached * piety under Kikubaaqudgha
  2219 | D:3      | Identified Kikubaaqudgha's Handbook of Black Rites
                  | (Kikubaaqudgha gifted it to you on level 3 of the Dungeon)
  2219 | D:3      | Received a gift from Kikubaaqudgha
  2229 | D:3      | Learned a level 1 spell: Animate Skeleton
  2233 | D:3      | Learned a level 3 spell: Vampiric Draining
  2326 | D:3      | Reached skill level 5 in Polearms
  2577 | D:2      | Found a snail-covered altar of Cheibriados.
  2634 | D:2      | Reached skill level 1 in Necromancy
  2970 | D:4      | Killed Grinder
  2970 | D:4      | Reached skill level 5 in Fighting
  2970 | D:4      | Reached skill level 1 in Spellcasting
  2970 | D:4      | Your scales start taking on a rich purple colour.
  2970 | D:4      | Reached XP level 7. HP: 50/61 MP: 6/8
  3074 | D:4      | Killed Sigmund
  3074 | D:4      | Reached skill level 2 in Necromancy
  3150 | D:4      | Found a glowing golden altar of the Shining One.
  3245 | D:5      | Reached skill level 2 in Spellcasting
  3273 | D:5      | Reached skill level 6 in Polearms
  3273 | D:5      | Reached skill level 5 in Shields
  3574 | D:5      | Found a staircase to the Ecumenical Temple.
  3648 | D:5      | Reached XP level 8. HP: 52/69 MP: 11/11
  4086 | D:5      | Found a snail-covered altar of Cheibriados.
  4395 | D:6      | Reached ** piety under Kikubaaqudgha
  4422 | D:6      | Reached skill level 3 in Necromancy
  4442 | D:6      | Noticed Prince Ribbit
  4938 | D:6      | Reached skill level 6 in Fighting
  4952 | D:6      | Reached skill level 7 in Polearms
  5339 | D:7      | Noticed a purple ugly thing
  5539 | D:6      | Reached skill level 4 in Necromancy
  5611 | D:6      | Reached skill level 6 in Shields
  5956 | D:6      | Reached XP level 9. HP: 51/78 MP: 12/12
  5983 | D:6      | Found a bloodstained altar of Trog.
  6081 | D:6      | Reached skill level 8 in Polearms
  6850 | D:8      | Noticed Pikel
  6959 | D:7      | Reached skill level 7 in Fighting
  7323 | D:7      | Killed a purple ugly thing
  7323 | D:7      | Reached skill level 5 in Necromancy
  7509 | D:7      | Found a burning altar of Makhleb.
  7510 | D:7      | Noticed Joseph
  7854 | D:7      | Reached skill level 9 in Polearms
  8082 | D:7      | Killed Joseph
  8082 | D:7      | Reached skill level 7 in Shields
  8399 | D:7      | Reached *** piety under Kikubaaqudgha
  8399 | D:7      | Identified Kikubaaqudgha's Incunabulum of Stolen Souls
                  | (Kikubaaqudgha gifted it to you on level 7 of the Dungeon)
  8399 | D:7      | Received a gift from Kikubaaqudgha
  8423 | D:7      | Learned a level 4 spell: Animate Dead
  8614 | D:6      | Reached XP level 10. HP: 50/88 MP: 4/13
  8903 | D:8      | Found a basalt altar of Yredelemnul.
  8906 | D:8      | Noticed a two-headed ogre
  8963 | D:8      | Reached skill level 8 in Fighting
  9187 | D:8      | Identified the cursed +0 short sword "Noub" {pierce, rElec
                  | rN+++ Str+4 Dex-4}
  9189 | D:8      | Killed Pikel
  9189 | D:8      | Reached skill level 10 in Polearms
  9189 | D:8      | Reached skill level 6 in Necromancy
 10581 | D:9      | Reached skill level 8 in Shields
 10589 | D:9      | Reached **** piety under Kikubaaqudgha
 10597 | D:10     | Entered Level 10 of the Dungeon
 10678 | D:8      | Found Efaitwoc's Jewellery Shoppe.
 11012 | D:8      | Noticed Harold
 11040 | D:8      | HP: 3/90 [something (16)]
 11040 | D:8      | Demolished by Harold

Levels and vault maps discovered:
D:1:      dpeg_arrival_yet_another_circle, layout_loops_corners
D:2:      layout_rooms, old_standard_altar, patterned_corridor
D:3:      layout_rooms, okawaru_ov_weapons_minmay, kennysheep_nondescript
D:4:      layout_rooms, nicolae_qazlal_style_of_elements, marbit_many_paths,
          serial_shops, kennysheep_little_box, fedhas_altar_3, uniq_grinder,
          uniq_sigmund
D:5:      layout_basic, kiku_gazebo_garden_becter,
          minmay_temple_entry_overgrown, first_ration, chei_slow_surprise
D:6:      layout_gridville, trog_hazing_becter, uniq_prince_ribbit1
D:7:      layout_layer_cave, lemuel_coloured_pillars_altar,
          makhleb_blood_cavern_becter, grunt_livestock, uniq_joseph
D:8:      wad_woods_stonehenge, layout_basic, minmay_lair_entry_grove,
          serial_shops, shop, ploomutoo_gammafunk_ghost_potion_laboratory,
          uniq_pikel, uniq_harold
D:9:      layout_small_grid, nicolae_overflow_crystal_walls, minivault_25_ag
D:10:     layout_irregular_city, minmay_orc_entry_temple_small,
          minmay_joined_circles, uniq_urug

Skill      XL: |  1  2  3  4  5  6  7  8  9 10 |
---------------+-------------------------------+-----
Polearms       | 3 4 5 6 7 9 10 | 10.8
Fighting       | 4 5 6 7 8 |  8.9
Shields        | 4 5 6 7 8 |  8.1
Necromancy     | 1 2 4 5 6 |  6.8
Spellcasting   | 1 2 |  2.0
Dodging        | |  2.6

Action                   |  1- 3 |  4- 6 |  7- 9 | 10-12 || total
-------------------------+-------+-------+-------+-------++-------
Melee: Trident           |    93 |   217 |   578 |   272 ||  1160
       Tailslap          |     7 |    27 |    67 |    40 ||   141
Throw: Dart              |       |     4 |    24 |    31 ||    59
 Cast: Vampiric Draining |       |       |     8 |    24 ||    32
       Animate Skeleton  |       |       |     2 |     5 ||     7
Invok: Receive Corpses   |       |       |       |     1 ||     1
 Abil: Breathe Dispellin |       |       |     7 |     1 ||     8
Evoke: Wand              |       |     6 |     1 |     8 ||    15
  Use: Potion            |     1 |       |     4 |     3 ||     8
       Scroll            |       |     7 |     8 |     2 ||    17
 Stab: Sleeping          |     4 |       |       |     1 ||     5
       Distracted        |       |       |       |     1 ||     1
  Eat: Chunk             |     2 |    14 |    17 |     5 ||    38
       Ration            |       |       |       |     1 ||     1
Armor: Skin              |    23 |    59 |   134 |    60 ||   276
Dodge: Dodged            |    34 |    73 |   206 |   101 ||   414
Block: Shield            |    38 |    90 |   249 |   128 ||   505

Table legend:
 A = Non-vault XP
 B = Vault XP
 C = Vault XP percentage of total XP
 D = Non-vault monster count
 E = Vault monster count
 F = Vault count percentage of total count
                 A         B        C        D         E       F
            +---------+---------+-------+---------+---------+-------
      Total |    5399 |    4738 |  46.7 |     190 |      33 |  14.8
            +---------+---------+-------+---------+---------+-------
        D:1 |      45 |       0 |   0.0 |      28 |       0 |   0.0
        D:2 |      51 |       0 |   0.0 |      11 |       0 |   0.0
        D:3 |      81 |       0 |   0.0 |      31 |       0 |   0.0
        D:4 |     332 |     509 |  60.5 |      14 |       3 |  17.6
        D:5 |     623 |      43 |   6.5 |      24 |       1 |   4.0
        D:6 |    1275 |     214 |  14.4 |      23 |       7 |  23.3
        D:7 |    1718 |     978 |  36.3 |      28 |       5 |  15.2
        D:8 |     902 |    2994 |  76.8 |      24 |      17 |  41.5
        D:9 |     132 |       0 |   0.0 |       4 |       0 |   0.0
       D:10 |     240 |       0 |   0.0 |       3 |       0 |   0.0
            +---------+---------+-------+---------+---------+-------
